 Dungeon Crawl Stone Soup version 0.30-a0-824-g6c64550be9 (webtiles) character file.

Game seed: 6294064846466858123

409 jimonade the Ogre Mage (level 6, -10/62 HPs)
             Began as an Ogre Warper on Feb 27, 2023.
             Mangled by Edmund
             ... wielding a +5 flail of protection
              (13 damage)
             ... on level 4 of the Dungeon on Feb 28, 2023.
             The game lasted 00:11:39 (3842 turns).

jimonade the Ogre Mage (Ogre Warper)                Turns: 3842, Time: 00:11:40

Health: -10/62     AC:  5    Str: 16    XL:     6   Next: 89%
Magic:  12/12      EV: 10    Int: 14    God:
Gold:   242        SH:  0    Dex: 10    Spells: 9/13 levels left

rFire   . . .      SeeInvis .    a - +4 war axe (pain)
rCold   . . .      Faith    .    (no shield)
rNeg    . . .      Spirit   .    t - +2 animal skin
rPois   .          Reflect  .    (helmet restricted)
rElec   .          Harm     .    (no cloak)
rCorr   .          Rampage  .    (gloves unavailable)
Will    +....                    (boots unavailable)
Stlth   +                        (no amulet)
HPRegen 0.30/turn                h - ring of willpower
MPRegen 0.13/turn                (no ring)

@: no status effects
A: large, unfitting armour, tough skin 1
a: no special abilities


You were on level 4 of the Dungeon.
You visited 1 branch of the dungeon, and saw 4 of its levels.

You collected 242 gold pieces.

Inventory:

Hand Weapons
 a - a +4 war axe of pain (weapon)
 w - a +0 mace
Missiles
 d - 7 boomerangs of dispersal (quivered)
 e - 34 stones
 m - 8 poisoned darts
 n - 4 atropa-tipped darts
 y - 2 boomerangs
Armour
 b - a +0 robe
 p - a +0 tower shield
 t - a +2 animal skin (worn)
Jewellery
 h - a ring of willpower (left hand)
 u - an amulet of the acrobat
Scrolls
 c - 2 scrolls of blinking
 f - 5 scrolls of identify {unknown}
 g - a scroll of magic mapping {unknown}
 i - 2 scrolls of fear {unknown}
 j - a scroll of poison {unknown}
 l - 2 scrolls of teleportation {unknown}
 o - a scroll of amnesia {unknown}
 r - a scroll of fog {unknown}
 s - a scroll of torment {unknown}
 v - a scroll of enchant armour {unknown}
Potions
 k - 2 potions of curing {unknown}
 q - a potion of berserk rage {unknown}
 x - a potion of attraction {unknown}


   Skills:
 + Level 3.9 Fighting
 + Level 2.0(2.9) Axes
 - Level 2.8(3.1) Maces & Flails
 + Level 1.0 Throwing
 + Level 3.1 Dodging
 + Level 0.7 Stealth
 * Level 4.2 Spellcasting
 * Level 4.1 Translocations


You had 9 spell levels left.
You knew the following spells:

 Your Spells              Type           Power      Damage    Failure   Level
a - Blink                 Tloc           28%        N/A       5%          2
b - Lesser Beckoning      Tloc           28%        N/A       5%          2

Your spell library contained the following spells:

 Spells                   Type           Power      Damage    Failure   Level
 Apportation              Tloc           28%        N/A       3%          1
 Teleport Other           Tloc           14%        N/A       11%         3
 Necrotise                Necr           8%         1d4       19%         1
 Slow                     Hex            8%         N/A       19%         1
 Summon Small Mammal      Summ           8%         N/A       19%         1
 Vhi's Electric Charge    Tloc/Air       16%        N/A       24%         3
 Manifold Assault         Tloc           14%        N/A       34%         4
 Confusing Touch          Hex            2%         N/A       50%         3
 Vampiric Draining        Necr           2%         2d6       50%         3


Dungeon Overview and Level Annotations

Branches:
Dungeon (4/15)
 Temple: D:4-7

Altars:
Fedhas
Makhleb
Nemelex Xobeh

Annotations:
D:1 exclusion: downstairs
D:2 Sigmund
D:3 3 runed translucent doors, DrKenneth's ghost, amateur MiFi; Nacht's ghost, amateur DsNe; tarna41's ghost, amateur DsCK
D:4 Edmund


Innate Abilities, Weirdness & Mutations

You are too large for most types of armour.
You have tough skin. (AC +1)


Message History

A kobold comes into view. It is wielding a +0 club.
You hear a shout!
A jelly comes into view.
The kobold throws a stone.
The stone barely misses you.
There is an open door here.
The kobold throws a stone.
The stone closely misses you.
Edmund the Younger comes into view.
He is wielding a +5 flail of protection.
You hit the jelly.
Your hands burn!
The jelly is moderately wounded.
The jelly hits you but does no damage.
You slash the jelly!
You kill the jelly!
The kobold throws a stone.
The stone completely misses you.
Your Axes skill increases to level 2!
The kobold throws a stone.
The stone hits you.
There is an open door here.
You slash Edmund!
Edmund is lightly wounded.
Edmund hits you with a +5 flail of protection!
The kobold hits you with a +0 club.
Edmund hits you with a +5 flail of protection!
You hit Edmund but do no damage.
Edmund is lightly wounded.
You hit the kobold.
You kill the kobold!
Edmund says, "Everyone always remembers my brother. 'Who's Edmund?' they ask!"
Edmund hits you with a +5 flail of protection.
You hit Edmund but do no damage.
Edmund is lightly wounded.
Edmund hits you with a +5 flail of protection!
You closely miss Edmund.
Edmund is lightly wounded.
Edmund hits you with a +5 flail of protection!
* * * LOW HITPOINT WARNING * * *
Edmund hits you with a +5 flail of protection!
* * * LOW HITPOINT WARNING * * *
You hit Edmund but do no damage.
Edmund is lightly wounded.
Edmund hits you with a +5 flail of protection!
You die...

#...........#......#
#...........#......#
#...........#......#
#...........#......#
#...........#......##
+..........>........##
#.....................
#............#+#..#..#
#....@)......#.#..#..#
######@##........##.#..#
..........K.............#
...#######.#####.#......#
#......[.............
#..............#.#...
#....................
#..J..............###
##K##.............#


You could see Edmund.

Vanquished Creatures
  Grinder (D:3)
  A jelly (D:4)
  2 orc priests (D:3)
  Robin (D:1)
  2 adders
  5 worms
  2 dart slugs (D:2)
  6 orcs (D:3)
  2 bats
  6 endoplasms
  A giant cockroach (D:2)
  11 goblins
  15 hobgoblins
  2 quokkas
  3 ball pythons
  A frilled lizard (D:1)
  7 kobolds
  4 rats
72 creatures vanquished.

Vanquished Creatures (others)
  2 plants (D:3)
  4 withered plants (D:3)
6 creatures vanquished.

Grand Total: 78 creatures vanquished

Notes
Turn   | Place    | Note
-------+----------+-------------------------------------------
     0 | D:1      | jimonade the Ogre Warper began the quest for the Orb.
     0 | D:1      | Reached XP level 1. HP: 22/22 MP: 3/3
   379 | D:1      | Reached XP level 2. HP: 28/29 MP: 3/5
   691 | D:2      | Noticed Robin
   791 | D:2      | You fall into a shaft and drop 1 floor!
   813 | D:3      | Reached XP level 3. HP: 31/36 MP: 6/6
  1489 | D:1      | Killed Robin
  1490 | D:1      | Reached XP level 4. HP: 28/44 MP: 8/8
  1550 | D:1      | Learned a level 2 spell: Blink
  1553 | D:1      | Learned a level 2 spell: Lesser Beckoning
  2291 | D:3      | Noticed Sigmund
  2416 | D:3      | Found a burning altar of Makhleb.
  2416 | D:3      | Found a sparkling altar of Nemelex Xobeh.
  2416 | D:3      | Found a blossoming altar of Fedhas.
  2427 | D:3      | Noticed Grinder
  2461 | D:3      | Paralysed by Grinder for 3 turns
  2721 | D:3      | Reached XP level 5. HP: 38/53 MP: 9/9
  2813 | D:3      | Found a runed translucent gate.
  2813 | D:3      | Found a runed translucent gate.
  2813 | D:3      | Found a runed translucent gate.
  2813 | D:3      | Noticed Nacht's ghost (amateur DsNe)
  2813 | D:3      | Noticed DrKenneth's ghost (amateur MiFi)
  2814 | D:3      | Noticed tarna41's ghost (amateur DsCK)
  3037 | D:3      | Paralysed by Grinder for 3 turns
  3052 | D:3      | Killed Grinder
  3053 | D:3      | Reached skill level 1 in Axes
  3053 | D:3      | Reached XP level 6. HP: 14/62 MP: 9/11
  3826 | D:4      | Noticed Edmund
  3841 | D:4      | HP: 3/62 [Edmund/+5 flail of protection (11)]
  3842 | D:4      | Mangled by Edmund

Illustrated notes

Levels and vault maps discovered:
D:1:      dpeg_arrival_castle, layout_rooms
D:2:      layout_basic, reono_crystal_passage, uniq_robin
D:3:      layout_loops_cross, gammafunk_temple_overflow_forgotten,
          gammafunk_ghost_cemetery, uniq_sigmund, uniq_grinder
D:4:      layout_basic, uniq_crazy_yiuf_cottage, uniq_edmund

Skill      XL: |  1  2  3  4  5  6 |
---------------+-------------------+-----
Translocations | 3 4 |  4.1
Maces & Flails | 2 |  2.8
Fighting       | 3 |  3.9
Spellcasting   | 3 4 |  4.2
Axes           | 1 2 |  2.0
Dodging        | 3 |  3.1
Throwing       | |  1.0
Stealth        | |  0.7

Action                     |  1- 3 |  4- 6 || total
---------------------------+-------+-------++-------
  Melee: Mace              |   106 |    78 ||   184
         Punch             |     1 |     2 ||     3
         War axe           |       |    65 ||    65
   Cast: Blink             |       |     1 ||     1
   Stab: Sleeping          |     1 |       ||     1
 Armour: Robe              |    31 |       ||    31
         Animal skin       |       |    40 ||    40
  Dodge: Dodged            |    54 |    59 ||   113

Table legend: (Time is in decaauts)
 A = Elapsed time spent in this place.
 B = Non-inter-level travel time spent in this place.
 C = Inter-level travel time spent in this place.
 D = Time resting spent in this place.
 E = Time spent auto-exploring this place.
 F = Levels seen in this place.
 G = Mean time per level.
                   A        B        C        D        E       F      G
               +--------+--------+--------+--------+--------+-----+--------+
         Total |   3924 |   3781 |    143 |    619 |   1525 |   4 |  981.0 |
       Dungeon |   3924 |   3781 |    143 |    619 |   1525 |   4 |  981.0 |
               +--------+--------+--------+--------+--------+-----+--------+

Top non-repeatable levels by time:
     D:2: 1518 daAuts
     D:3: 1373 daAuts
     D:1: 806 daAuts
     D:4: 225 daAuts
